 Dungeon Crawl Stone Soup version 0.30.0-20-g3615ddf2f0 (webtiles) character file.

Game seed: 1672313806697553458

12012 qw the Cleaver (level 11, -10/71 HPs)
             Began as a Gargoyle Fighter on May 31, 2023.
             Was an Elder of Okawaru.
             Mangled by a sun demon (19 damage)
             ... summoned by an obsidian statue
             ... on level 10 of the Dungeon.
             The game lasted 00:05:06 (9155 turns).

qw the Cleaver (Gargoyle Fighter)                   Turns: 9155, Time: 00:05:06

Health: -10/71     AC: 34    Str: 34    XL:     11   Next: 86%
Magic:  16/16      EV: 15    Int:  8    God:    Okawaru [****..]
Gold:   633        SH:  6    Dex:  9    Spells: 10/10 levels left

rFire   x . .        h - +8 war axe of Gluttony {freeze, Drain rF- Str+9}
rCold   . . .        c - +0 buckler
rNeg    + . .        m - +0 plate armour
rPois   inf          p - +1 helmet
rElec   +            z - +1 cloak
rCorr   .            k - +2 pair of gloves
SInv    +            i - +0 pair of boots
Will    .....        b - amulet of regeneration Stlth
                     t - +5 ring of evasion
HPRegen 1.11/turn    r - ring of see invisible
MPRegen 0.15/turn

%: no passive effects
@: about to teleport, heroic, mesmerised
A: sickness immunity, AC +8, negative energy resistance 1, electricity
resistance, torment resistance 1, petrification resistance
a: Renounce Religion, Heroism, Finesse


You were on level 10 of the Dungeon.
You worshipped Okawaru.
Okawaru was greatly pleased with you.
You visited 2 branches of the dungeon, and saw 11 of its levels.

You collected 633 gold pieces.


Innate Abilities, Weirdness & Mutations

You are immune to sickness and miasma.
Your stone body is resilient. (AC +8)
You are immune to poison.
You resist negative energy. (rN+)
You are resistant to electric shocks. (rElec)
You are resistant to unholy torment.
You are immune to petrification.


   Skills:
 - Level 9.0(14.0) Fighting
 - Level 11.2(16.2) Axes
 - Level 3.2(8.2) Throwing
 + Level 8.9(13.9) Armour
 - Level 2.5(7.5) Dodging
 - Level 5.3(10.3) Shields
 + Level 7.5 Invocations


You had 10 spell levels left.
You didn't know any spells.
Your spell library was empty.

Inventory:

Hand Weapons
 h - the +8 war axe of Gluttony (weapon) {freeze, Drain rF- Str+9}
   (You found it on level 8 of the Dungeon)

   Str:       It affects your strength (+9).
   rF:        It makes you vulnerable to fire.
   Drain:     It drains your maximum health when unequipped.
 A - a +1 morningstar of holy wrath
Missiles
 o - 8 javelins (quivered)
 v - 3 boomerangs
Armour
 c - a +0 buckler (worn)
 i - a +0 pair of boots (worn)
 k - a +2 pair of gloves (worn)
 m - a +0 plate armour (worn)
 p - a +1 helmet (worn)
 u - a +2 pair of boots
 z - a +1 cloak (worn)
Jewellery
 b - an amulet of regeneration (around neck)
 r - a ring of see invisible (right hand)
 s - a ring of protection from fire
 t - a +5 ring of evasion (left hand)
 y - a ring of willpower
Scrolls
 a - 9 scrolls of teleportation
 e - 2 scrolls of identify
 g - a scroll of enchant weapon
Potions
 d - a potion of might
 f - a potion of lignification
 j - 2 potions of magic
 l - a potion of degeneration {unknown}
 n - 3 potions of haste
 q - a potion of heal wounds
 w - a potion of attraction {unknown}
 x - a potion of mutation {unknown}
 B - a potion of curing

Dungeon Overview and Level Annotations

Branches:
Dungeon (10/15)            Temple (1/1) D:4             Orc (0/2) D:9
   Lair: D:8-11

Altars:
Ashenzari
Cheibriados
Dithmenos
Elyvilon
Fedhas
Gozag
Hepliaklqana
Kikubaaqudgha
Makhleb
Nemelex Xobeh
Okawaru
Qazlal
Ru
Trog
Uskayaw
Vehumet
Wu Jian
Xom
Yredelemnul
Zin
The Shining One
Jiyva

Annotations:
D:10 1 transporter


Message History

The orange demon misses you.
You completely miss the white imp.
The white imp is heavily wounded.
You hit the quasit. You slash the crimson imp! You freeze the crimson imp.
You kill the crimson imp!
The crimson imp disappears in a puff of smoke!
The quasit barely misses you. You block the quasit's attack.
The quasit barely misses you. The white imp completely misses you.
You slash the white imp!
You kill the white imp!
The white imp disappears in a puff of smoke!
You closely miss the quasit.
The quasit misses you. x2; The quasit barely misses you.
The orange demon stings you from afar.
You slash the quasit! You freeze the quasit.
The quasit is severely wounded.
You completely miss the sun demon. You block the orange demon's attack.
You block the quasit's attack. The quasit misses you.
You block the quasit's attack. The sun demon hits you.
You are engulfed in flames!
The fire burns you terribly! The orange demon closely misses you.
You miss the quasit.
The quasit is severely wounded.
You miss the sun demon.
The obsidian statue's eyes glow briefly.
The obsidian statue draws you further into its thrall.
The quasit barely misses you. You block the quasit's attack.
The quasit closely misses you. The orange demon barely misses you.
The sun demon hits you.
You are engulfed in flames!!
The fire burns you terribly!
9155 ||| READING 10 scrolls of teleportation.
As you read the scroll of teleportation, it crumbles to dust.
You feel strangely unstable.
The orange demon disappears in a puff of smoke!
The quasit barely misses you. You block the quasit's attack.
The quasit closely misses you.
The obsidian statue's eyes glow briefly.
The obsidian statue draws you further into its thrall.
The sun demon hits you!!
You die...

#...%%........%.)...............#
..............%.................#
.......############..##########.#
####...# ##.# #.#
####...#############.##########.#
...........##8...8##............#
...?.......##..4..##............#
...######.###..¤3.##.############
#..# #.# #¤5@# #.# #..######.#
#...# #.# #.........## #...#
#.############ ...........# #...#
#............# ...........# #.).#
#............# .....####### #...#
#....#######.# .....#
#.8.###....#######.#
.....#########..........%.......#
............¤...................#


You could see 2 obsidian statues, a sun demon (summoned), an orange demon
(summoned) and a quasit (summoned).

Vanquished Creatures
  Erica (D:8)
  3 two-headed ogres (D:9)
  A deep elf pyromancer (D:9)
  An ugly thing (D:9)
  A cyclops (D:9)
  3 manticores (D:9)
  A kobold demonologist (D:9)
  2 trolls
  A shadow (D:9)
  2 wyverns (D:9)
  17 yaks
  2 steam dragons (D:9)
  Duvessa (D:7)
  A water moccasin (D:7)
  An orc warrior (D:9)
  2 black bears
  An ice beast (D:7)
  5 centaurs
  An ogre (D:4)
  2 phantoms
  A kobold brigand (D:6)
  A bullfrog (D:9)
  2 scorpions (D:6)
  A wight (D:9)
  Dowan (D:7)
  15 killer bees
  10 howler monkeys
  4 jellies
  5 orc priests
  2 hounds
  3 iron imps (D:5)
  4 sleepcaps (D:5)
  Natasha (twice) (D:4)
  3 iguanas
  5 orc wizards
  Robin (D:2)
  10 gnolls
  8 adders
  3 ufetubi
  5 dart slugs
  27 orcs
  5 ball pythons
  6 endoplasms
  3 giant cockroaches
  13 goblins
  11 hobgoblins
  3 jackals (D:3)
  10 kobolds
  2 quokkas
  7 bats
  3 frilled lizards (D:1)
  5 rats
230 creatures vanquished.

Notes
Turn   | Place    | Note
-------+----------+-------------------------------------------
     0 | D:1      | qw the Gargoyle Fighter began the quest for the Orb.
     0 | D:1      | Reached XP level 1. HP: 14/14 MP: 1/1
     0 | D:1      | 0 ||| qw: Version: 0.2-a-102-gfc559e5
     0 | D:1      | 0 ||| qw: Game counter: 612
     0 | D:1      | 0 ||| qw: Always use a shield: true
     0 | D:1      | 0 ||| qw: God list: Okawaru
     0 | D:1      | 0 ||| qw: Allow faded altars: false
     0 | D:1      | 0 ||| qw: Do Orc after D:15 true
     0 | D:1      | 0 ||| qw: Do second Lair branch before Depths: true
     0 | D:1      | 0 ||| qw: Lair rune preference: random
     0 | D:1      | 0 ||| qw: Plans: Normal, Zot:1-4, Slime:5, God:TSO, Crypt,
                  | Tomb, Pan, Hells, Abyss, Win
     0 | D:1      | 0 ||| PLANNING D:1-11
    27 | D:1      | Reached skill level 2 in Axes
    78 | D:1      | 78 ||| DROPPING +0 club.
   208 | D:1      | Reached XP level 2. HP: 19/19 MP: 2/2
   362 | D:1      | 362 ||| Stepping ~*~*~tactically~*~*~ (hiding).
   363 | D:1      | 363 ||| Stepping ~*~*~tactically~*~*~ (hiding).
   613 | D:1      | Reached skill level 3 in Axes
   748 | D:1      | Reached XP level 3. HP: 23/23 MP: 3/3
   899 | D:1      | 899 ||| UPGRADING to +0 pair of boots.
   904 | D:1      | 904 ||| READING 3 scrolls labelled EGADGH HUSKUI.
   909 | D:1      | 909 ||| READING scroll labelled ZETEOPH AC BOM.
   910 | D:1      | 910 ||| DRINKING 2 amethyst potions.
   911 | D:1      | 911 ||| DRINKING 2 green potions.
   912 | D:1      | 912 ||| DROPPING potion of brilliance.
  1237 | D:2      | 1237 ||| FLEEEEING.
  1300 | D:2      | Noticed Robin
  1306 | D:2      | HP: 4/23 [goblin/+0 club (4)]
  1307 | D:2      | 1307 ||| READING 3 scrolls of teleportation.
  1308 | D:2      | 1308 ||| DRINKING potion of heal wounds.
  1312 | D:2      | Reached XP level 4. HP: 8/28 MP: 4/4
  1422 | D:2      | Identified the +0 leather armour of Quiet Fog {+Inv rPois
                  | Str-5}
  1445 | D:2      | 1445 ||| Stepping ~*~*~tactically~*~*~ (hiding).
  1618 | D:2      | 1618 ||| Stepping ~*~*~tactically~*~*~ (hiding).
  1623 | D:2      | 1623 ||| Stepping ~*~*~tactically~*~*~ (hiding).
  1625 | D:2      | 1625 ||| Stepping ~*~*~tactically~*~*~ (hiding).
  1633 | D:2      | Killed Robin
  1634 | D:2      | Reached skill level 4 in Axes
  1669 | D:2      | 1669 ||| UPGRADING to +0 chain mail.
  1679 | D:2      | 1679 ||| DROPPING +0 scale mail.
  1680 | D:2      | 1680 ||| UPGRADING to +0 pair of gloves.
  1685 | D:2      | 1685 ||| DROPPING orb of wrath.
  1686 | D:2      | 1686 ||| UPGRADING to +0 helmet.
  1691 | D:2      | 1691 ||| READING scroll labelled MODE VYREGRI.
  1792 | D:2      | 1792 ||| READING scroll labelled BAENIUP AMIER.
  1880 | D:3      | 1880 ||| Stepping ~*~*~tactically~*~*~ (hiding).
  1979 | D:3      | 1979 ||| Stepping ~*~*~tactically~*~*~ (hiding).
  1980 | D:3      | 1980 ||| Stepping ~*~*~tactically~*~*~ (hiding).
  1988 | D:3      | 1988 ||| Stepping ~*~*~tactically~*~*~ (stealth).
  1992 | D:3      | 1992 ||| DROPPING +0 mace.
  2005 | D:3      | Reached XP level 5. HP: 32/32 MP: 5/5
  2339 | D:3      | Found an opulent altar of Gozag.
  2694 | D:3      | 2694 ||| UPGRADING to ring of protection from fire.
  2695 | D:3      | 2695 ||| READING scroll labelled ZOILATONOJ.
  2696 | D:3      | 2696 ||| READING scroll labelled COSTEA ZEOS ERPHEI.
  2697 | D:3      | 2697 ||| READING scroll labelled RAGOCOIDAA.
  2698 | D:3      | 2698 ||| READING scroll labelled KERE NOYLO.
  2747 | D:4      | 2747 ||| Stepping ~*~*~tactically~*~*~ (hiding).
  2872 | D:4      | 2872 ||| Stepping ~*~*~tactically~*~*~ (stealth).
  2882 | D:4      | Reached skill level 5 in Axes
  2889 | D:4      | Noticed a black bear
  2907 | D:4      | Killed a black bear
  2908 | D:4      | Reached XP level 6. HP: 17/39 MP: 6/6
  3336 | D:4      | Found a staircase to the Ecumenical Temple.
  3337 | D:4      | 3337 ||| PLANNING TEMPLE
  3337 | D:4      | 3337 ||| UPGRADING to +0 plate armour.
  3347 | D:4      | 3347 ||| DROPPING +0 chain mail.
  3348 | D:4      | 3348 ||| READING scroll labelled CIOWKA YTOLL.
  3360 | Temple   | Entered the Ecumenical Temple
  3432 | Temple   | 3432 ||| PLANNING D:1-11
  3464 | D:4      | 3464 ||| Stepping ~*~*~tactically~*~*~ (hiding).
  3525 | D:4      | Found a broken altar of Ashenzari.
  3526 | D:4      | Noticed Natasha
  3531 | D:4      | Killed Natasha
  3532 | D:4      | 3532 ||| Stepping ~*~*~tactically~*~*~ (stealth).
  3535 | D:4      | 3535 ||| Stepping ~*~*~tactically~*~*~ (hiding).
  3775 | D:4      | Noticed Natasha
  3787 | D:4      | Killed Natasha
  3935 | D:5      | Entered Level 5 of the Dungeon
  3941 | D:5      | 3941 ||| STAIRDANCE
  3948 | D:4      | Reached skill level 6 in Axes
  3948 | D:4      | Reached XP level 7. HP: 27/44 MP: 7/7
  4012 | D:5      | 4012 ||| STAIRDANCE
  4028 | D:4      | 4028 ||| FLEEEEING.
  4029 | D:4      | 4029 ||| FLEEEEING.
  4034 | D:4      | 4034 ||| STAIRDANCE
  4139 | D:4      | 4139 ||| Stepping ~*~*~tactically~*~*~ (stealth).
  4142 | D:4      | 4142 ||| Stepping ~*~*~tactically~*~*~ (stealth).
  4143 | D:4      | 4143 ||| Stepping ~*~*~tactically~*~*~ (stealth).
  4294 | D:5      | Found a hide-covered altar of Uskayaw.
  4354 | D:5      | Reached skill level 7 in Axes
  4552 | D:5      | Found a blossoming altar of Fedhas.
  4581 | D:5      | Found a burning altar of Makhleb.
  4713 | D:5      | 4713 ||| READING scroll labelled YFIRPHE HURAILU.
  4714 | D:5      | 4714 ||| READING scroll labelled VEOMASH PAOCOU.
  4715 | D:5      | 4715 ||| READING 2 scrolls of identify.
  4715 | D:5      | 4715 ||| IDENTIFYING bubbling white potion
  4734 | D:6      | Reached skill level 1 in Dodging
  4734 | D:6      | Reached XP level 8. HP: 49/49 MP: 8/8
  5075 | D:6      | Reached skill level 1 in Throwing
  5115 | D:6      | 5115 ||| UPGRADING to ring of see invisible.
  5319 | D:6      | Reached skill level 8 in Axes
  5646 | D:6      | 5646 ||| READING scroll labelled VOIGGEATHRI.
  5723 | D:7      | Found an iron altar of Okawaru.
  5724 | D:7      | 5724 ||| PLANNING OKAWARU WORSHIP
  5733 | D:7      | Became a worshipper of Warmaster Okawaru
  5733 | D:7      | 5733 ||| PLANNING D:1-11
  5759 | D:7      | Found a sparkling altar of Nemelex Xobeh.
  5769 | D:7      | 5769 ||| READING scroll of enchant armour.
  5769 | D:7      | 5769 ||| ENCHANTING +0 pair of gloves.
  5827 | D:7      | 5827 ||| Stepping ~*~*~tactically~*~*~ (hiding).
  5828 | D:7      | 5828 ||| Stepping ~*~*~tactically~*~*~ (hiding).
  5829 | D:7      | 5829 ||| Stepping ~*~*~tactically~*~*~ (hiding).
  5845 | D:7      | Reached skill level 6 in Fighting
  5889 | D:7      | 5889 ||| Stepping ~*~*~tactically~*~*~ (hiding).
  5891 | D:7      | 5891 ||| Stepping ~*~*~tactically~*~*~ (hiding).
  5905 | D:7      | 5905 ||| Stepping ~*~*~tactically~*~*~ (stealth).
  5907 | D:7      | 5907 ||| Stepping ~*~*~tactically~*~*~ (stealth).
  6128 | D:7      | Reached skill level 6 in Armour
  6128 | D:7      | Reached XP level 9. HP: 45/55 MP: 9/9
  6131 | D:7      | Noticed Duvessa
  6136 | D:7      | Noticed Dowan
  6150 | D:7      | Killed Duvessa
  6171 | D:7      | Killed Dowan
  6246 | D:7      | 6246 ||| Stepping ~*~*~tactically~*~*~ (hiding).
  6249 | D:7      | 6249 ||| Stepping ~*~*~tactically~*~*~ (hiding).
  6271 | D:7      | Reached * piety under Okawaru
  6375 | D:7      | 6375 ||| UPGRADING to +5 ring of evasion.
  6377 | D:7      | 6377 ||| READING 2 scrolls labelled WOIZACV JAUTT.
  6378 | D:7      | 6378 ||| READING scroll labelled ATHRAA XOJEH.
  6379 | D:7      | 6379 ||| DRINKING 2 clear potions.
  6380 | D:7      | 6380 ||| DRINKING 2 brown potions.
  6381 | D:7      | 6381 ||| DRINKING potion of curing.
  6381 | D:7      | 6381 ||| (to cure confusion)
  6382 | D:7      | 6382 ||| READING 2 scrolls of identify.
  6382 | D:7      | 6382 ||| IDENTIFYING bubbling yellow potion
  6383 | D:7      | 6383 ||| DROPPING scroll of fear.
  6384 | D:7      | 6384 ||| DROPPING potion of flight.
  6385 | D:7      | 6385 ||| DROPPING potion of ambrosia.
  6418 | D:8      | Reached skill level 1 in Invocations
  6423 | D:8      | Reached skill level 9 in Axes
  6495 | D:8      | Identified the +8 war axe of Gluttony {freeze, Drain rF-
                  | Str+9}
  6497 | D:8      | 6497 ||| SWAPPING to +8 war axe of Gluttony {freeze, Drain
                  | rF- Str+9}.
  6498 | D:8      | 6498 ||| DROPPING +1 war axe.
  6517 | D:8      | 6517 ||| DROPPING +0 flail.
  6542 | D:8      | Found a white marble altar of Elyvilon.
  6561 | D:8      | 6561 ||| INVOKING Heroism.
  6569 | D:8      | Reached skill level 3 in Invocations
  6613 | D:8      | 6613 ||| READING scroll of enchant armour.
  6613 | D:8      | 6613 ||| ENCHANTING +1 pair of gloves.
  6645 | D:8      | Found a glowing silver altar of Zin.
  6908 | D:8      | Noticed Erica
  6909 | D:8      | 6909 ||| INVOKING Heroism.
  6915 | D:8      | Killed Erica
  6916 | D:8      | Reached skill level 3 in Throwing
  7054 | D:8      | Reached XP level 10. HP: 61/61 MP: 13/13
  7157 | D:8      | 7157 ||| DROPPING orb of light.
  7158 | D:8      | 7158 ||| UPGRADING to amulet of regeneration.
  7190 | D:9      | 7190 ||| Stepping ~*~*~tactically~*~*~ (hiding).
  7206 | D:9      | 7206 ||| Stepping ~*~*~tactically~*~*~ (hiding).
  7214 | D:9      | Reached ** piety under Okawaru
  7333 | D:9      | Noticed a manticore
  7334 | D:9      | 7334 ||| INVOKING Heroism.
  7341 | D:9      | Killed a manticore
  7380 | D:9      | 7380 ||| INVOKING Heroism.
  7407 | D:9      | 7407 ||| READING scroll of enchant armour.
  7407 | D:9      | 7407 ||| ENCHANTING +0 helmet.
  7418 | D:9      | 7418 ||| Stepping ~*~*~tactically~*~*~ (stealth).
  7497 | D:9      | Reached skill level 10 in Axes
  7497 | D:9      | 7497 ||| Stepping ~*~*~tactically~*~*~ (stealth).
  7499 | D:9      | 7499 ||| INVOKING Heroism.
  7558 | D:9      | Noticed a two-headed ogre
  7559 | D:9      | 7559 ||| INVOKING Heroism.
  7567 | D:9      | Killed a two-headed ogre
  7580 | D:9      | Identified the +10 arbalest of Purpose {heavy, rElec Dex+4}
  7618 | D:9      | 7618 ||| Stepping ~*~*~tactically~*~*~ (hiding).
  7684 | D:9      | Noticed a kobold demonologist
  7687 | D:9      | 7687 ||| INVOKING Heroism.
  7692 | D:9      | Killed a kobold demonologist
  7692 | D:9      | Noticed a green ugly thing
  7697 | D:9      | Noticed a manticore
  7700 | D:9      | Killed a green ugly thing
  7700 | D:9      | Reached *** piety under Okawaru
  7700 | D:9      | Noticed a deep elf pyromancer
  7701 | D:9      | Reached XP level 11. HP: 68/68 MP: 12/14
  7705 | D:9      | Noticed a two-headed ogre
  7706 | D:9      | Killed a manticore
  7709 | D:9      | Noticed a cyclops
  7711 | D:9      | Killed a deep elf pyromancer
  7712 | D:9      | Reached skill level 11 in Axes
  7714 | D:9      | Killed a two-headed ogre
  7719 | D:9      | Killed a cyclops
  7719 | D:9      | Reached **** piety under Okawaru
  7744 | D:9      | Noticed a manticore
  7745 | D:9      | 7745 ||| INVOKING Heroism.
  7755 | D:9      | Killed a manticore
  7817 | D:9      | Noticed a two-headed ogre
  7818 | D:9      | 7818 ||| INVOKING Heroism.
  7823 | D:9      | Killed a two-headed ogre
  7868 | D:9      | 7868 ||| Stepping ~*~*~tactically~*~*~ (stealth).
  7988 | D:9      | Reached skill level 6 in Invocations
  8062 | D:9      | Found a staircase to the Orcish Mines.
  8315 | D:9      | 8315 ||| UPGRADING to +1 cloak.
  8320 | D:9      | 8320 ||| DRINKING 2 pink potions.
  8425 | D:9      | 8425 ||| READING 2 scrolls of identify.
  8425 | D:9      | 8425 ||| IDENTIFYING lumpy black potion
  8426 | D:9      | 8426 ||| DROPPING potion of berserk rage.
  8437 | D:10     | Entered Level 10 of the Dungeon
  8449 | D:10     | 8449 ||| INVOKING Heroism.
  8493 | D:10     | 8493 ||| Stepping ~*~*~tactically~*~*~ (stealth).
  8497 | D:10     | 8497 ||| Stepping ~*~*~tactically~*~*~ (stealth).
  8506 | D:10     | Reached skill level 9 in Fighting
  8508 | D:10     | 8508 ||| INVOKING Heroism.
  8602 | D:10     | 8602 ||| DROPPING +0 morningstar.
  8701 | D:10     | Identified the +4 trident of Huegur {drain, rPois Dex+4}
  8708 | D:10     | Found a viscous altar of Jiyva.
  8708 | D:10     | Found a transporter.
  8879 | D:10     | Noticed an obsidian statue
  8879 | D:10     | Noticed an obsidian statue
  8880 | D:10     | 8880 ||| INVOKING Heroism.
  8912 | D:10     | Noticed a soul eater
  8916 | D:10     | HP: 15/71 [smoke demon/ball of steam[an obsidian statue]
                  | (21)]
  8917 | D:10     | 8917 ||| READING 11 scrolls of teleportation.
  8918 | D:10     | 8918 ||| DRINKING 2 potions of heal wounds.
  9110 | D:10     | 9110 ||| INVOKING Heroism.
  9119 | D:10     | Noticed a soul eater
  9149 | D:10     | Noticed a sun demon
  9154 | D:10     | HP: 8/71 [sun demon[an obsidian statue] (27)]
  9155 | D:10     | 9155 ||| READING 10 scrolls of teleportation.
  9155 | D:10     | Mangled by a sun demon

Levels and vault maps discovered:
D:1:      kennysheep_arrival_forest, layout_loops_ring
D:2:      layout_basic, minmay_3d_cube, uniq_robin
D:3:      layout_loops_ring, mainiacjoe_overflow_24_doors,
          minmay_goblin_kobold_house
D:4:      layout_loops_ring, amcnicky_altar_gilded,
          minmay_temple_entry_glassed_door, uniq_natasha
D:5:      layout_rooms, demons_altar, fedhas_altar_4, lemuel_round_altar,
          hellmonk_no_cap
D:6:      layout_loops_ring, grunt_potential
D:7:      layout_rooms, okawaru_gym_becter, lemuel_crystal_altar, uniq_duvessa
D:8:      layout_basic, lemuel_tele_altar, mainiacjoe_overflow_catwalk,
          uniq_erica
D:9:      minmay_the_grid_octo_2x2 [minmay_the_grid_octo_clover_2,
          minmay_the_grid_octo_fat_diamond, minmay_the_grid_octo_fan_narrow,
          minmay_the_grid_octo_prize_ultimate_mussel_roller], layout_basic,
          orc_0_dummy
D:10:     gammafunk_jiyva_shrine, layout_long_grid,
          mainiacjoe_overflow_cross_hatched, statue_in_the_mist_lemuel,
          david_greed
Temple:   nicolae_temple_hex_pool

Skill      XL: |  1  2  3  4  5  6  7  8  9 10 11 |
---------------+----------------------------------+-----
Axes           | 2 3 4 5 6 7 8 9 10 11 | 11.2
Fighting       | 4 5 6 8 9 |  9.0
Armour         | 4 6 7 8 |  8.9
Dodging        | 1 2 |  2.5
Throwing       | 1 3 |  3.2
Invocations    | 5 7 |  7.5
Shields        | 4 5 |  5.3

Action                     |  1- 3 |  4- 6 |  7- 9 | 10-12 || total
---------------------------+-------+-------+-------+-------++-------
  Melee: War axe           |   103 |   148 |   330 |   229 ||   810
  Throw: Boomerang         |       |       |    53 |     7 ||    60
         Javelin           |       |       |       |    31 ||    31
 Invoke: Heroism           |       |       |     2 |    11 ||    13
    Use: Scroll            |     3 |     7 |     9 |     4 ||    23
         Potion            |     3 |       |     3 |     2 ||     8
 Armour: Scale mail        |    59 |     8 |       |       ||    67
         Chain mail        |       |    55 |       |       ||    55
         Plate armour      |       |    33 |   248 |   131 ||   412
  Dodge: Dodged            |    53 |    58 |   108 |   187 ||   406
  Block: Buckler           |    30 |    31 |    53 |    76 ||   190

Table legend:
 A = Non-vault XP
 B = Vault XP
 C = Vault XP percentage of total XP
 D = Non-vault monster count
 E = Vault monster count
 F = Vault count percentage of total count
                 A         B        C        D         E       F
            +---------+---------+-------+---------+---------+-------
      Total |    7976 |    9185 |  53.5 |     164 |      66 |  28.7
            +---------+---------+-------+---------+---------+-------
        D:1 |      36 |       0 |   0.0 |      21 |       0 |   0.0
        D:2 |      26 |      49 |  65.3 |      13 |      12 |  48.0
        D:3 |      83 |      12 |  12.6 |      18 |       6 |  25.0
        D:4 |     496 |      36 |   6.8 |      20 |       1 |   4.8
        D:5 |     179 |     277 |  60.7 |       6 |       7 |  53.8
        D:6 |     488 |     395 |  44.7 |      11 |      13 |  54.2
        D:7 |     614 |     222 |  26.6 |      20 |       2 |   9.1
        D:8 |     955 |     839 |  46.8 |      11 |       1 |   8.3
        D:9 |    1848 |    7355 |  79.9 |      23 |      24 |  51.1
       D:10 |    3251 |       0 |   0.0 |      21 |       0 |   0.0
            +---------+---------+-------+---------+---------+-------
